 Dungeon Crawl Stone Soup version 0.28.0-1-gb440e238dd (webtiles) character file.

Game seed: 6934132004056631006

377 Peloso the Covered (level 6, -1/53 HPs)
             Began as a Minotaur Fighter on Feb 21, 2022.
             Was an Initiate of Okawaru.
             Slain by an ogre (9 damage)
             ... on level 4 of the Dungeon.
             The game lasted 00:05:04 (3774 turns).

Peloso the Covered (Minotaur Fighter)               Turns: 3774, Time: 00:05:05

Health: -1/53      AC:  8    Str: 20    XL:     6   Next: 45%
Magic:  5/5        EV:  9    Int:  5    God:    Okawaru [......]
Gold:   191        SH:  5    Dex: 12    Spells: 5/5 levels left

rFire   . . .      SeeInvis .   a - +0 long sword
rCold   . . .      Faith    .   c - +0 buckler
rNeg    . . .      Spirit   .   b - +0 scale mail
rPois   .          Reflect  .   (helmet restricted)
rElec   .          Harm     .   i - +0 cloak
rCorr   +          Rampage  .   (no gloves)
Will    .....                   (no boots)
Stlth   ..........              o - amulet of regeneration
HPRegen 0.97/turn               g - ring of resist corrosion
MPRegen 0.09/turn               (no ring)

@: no status effects
A: horns 2, retaliatory headbutt
a: Renounce Religion


You were on level 4 of the Dungeon.
You worshipped Okawaru.
Okawaru was noncommittal.
You visited 2 branches of the dungeon, and saw 5 of its levels.

You collected 191 gold pieces.

Inventory:

Hand Weapons
 a - a +0 long sword (weapon)
Armour
 b - a +0 scale mail (worn)
 c - a +0 buckler (worn)
 i - a +0 cloak (worn)
Jewellery
 g - a ring of resist corrosion (left hand)
 o - an amulet of regeneration (around neck)
 r - a ring of flight
Scrolls
 j - a scroll of fear {unknown}
 k - 3 scrolls of identify {unknown}
 m - 2 scrolls of immolation {unknown}
 n - a scroll of enchant weapon {unknown}
 q - a scroll of silence {unknown}
 s - a scroll of fog {unknown}
 u - a scroll of blinking {unknown}
 v - a scroll of teleportation {unknown}
Potions
 d - 3 potions of might
 e - 2 potions of berserk rage {unknown}
 f - a potion of ambrosia {unknown}
 h - a potion of flight {unknown}
 l - 2 potions of mutation {unknown}
 p - a potion of curing {unknown}
 t - a potion of degeneration {unknown}


   Skills:
 + Level 4.5 Fighting
 + Level 5.3 Long Blades
 + Level 5.6 Armour
 + Level 1.0 Dodging
 + Level 0.5 Stealth
 + Level 4.7 Shields


You had 5 spell levels left.
You didn't know any spells.
Your spell library contained the following spells:

 Spells                   Type           Power      Damage    Failure   Level
 Leda's Liquefaction      Hex/Erth       0%         N/A       100%        4
 Lee's Rapid Deconstruct  Erth           0%         3d5*      100%        5
 Statue Form              Tmut/Erth      0%         N/A       100%        6


Dungeon Overview and Level Annotations

Branches:
Dungeon (4/15)             Temple (1/1) D:4

Altars:
Ashenzari
Cheibriados
Dithmenos
Elyvilon
Fedhas
Gozag
Hepliaklqana
Kikubaaqudgha
Nemelex Xobeh
Okawaru
Ru
Sif Muna
Uskayaw
Wu Jian
Xom
Yredelemnul
Zin

Shops:
D:4 **


Innate Abilities, Weirdness & Mutations

You have a pair of horns on your head.
You reflexively headbutt those who attack you in melee.


Message History

Found three items.
An endoplasm is nearby!
You see here a +0 club.
You hit the endoplasm.
The endoplasm is lightly wounded.
The endoplasm freezes you.
You are frozen.
You hit the endoplasm but do no damage.
The endoplasm is lightly wounded.
The endoplasm freezes you.
You are frozen.
You hit the endoplasm. You headbutt the endoplasm.
You kill the endoplasm!
Okawaru accepts your kill.
You see here a +0 club.
You open the door.
There is an open door here.
You see here 2 atropa-tipped darts.
An ogre comes into view. It is wielding a +0 giant club.
The ogre shouts!
You see here 14 gold pieces.
You see here a scroll labelled RIEKOTS HUOMY.
v - a scroll labelled RIEKOTS HUOMY You see here 14 gold pieces.
You now have 191 gold pieces (gained 14).
An orc comes into view. It is wielding a +0 hand axe.
The orc shouts!
You open the door. You slash the ogre!
The ogre is moderately wounded.
The ogre hits you with a +0 giant club!
You hit the ogre.
The ogre is moderately wounded.
The ogre hits you with a +0 giant club!!
Ouch! That really hurt!
* * * LOW HITPOINT WARNING * * *
You barely miss the ogre.
The ogre is moderately wounded.
The ogre hits you with a +0 giant club!
You die...

# ##########.# #
####
#####.....)....#
# ...
.........#######
# .o####+###..#
# ##
#8..#...8#.# #
.. #....#...#.#
# #.
#...#....#.# #
#.##.#.#(#.'.# #
#oO@#.#.#.##.#
#..#....#...#.#
#. #...#....#.#
# #8...#..8#.#
..###+####..#
.... ..# ....
### .###


You could see an ogre and an orc.

Vanquished Creatures
  A necrophage (D:4)
  A scorpion (D:4)
  A howler monkey (D:4)
  Natasha (twice) (D:3)
  4 adders
  4 worms
  5 dart slugs
  An orc (D:3)
  7 bats
  11 endoplasms
  4 giant cockroaches
  6 goblins
  5 hobgoblins
  10 jackals
  9 kobolds
  3 quokkas
  3 ball pythons
  7 frilled lizards
  A rat (D:1)
85 creatures vanquished.

Notes
Turn   | Place    | Note
-------+----------+-------------------------------------------
     0 | D:1      | Peloso the Minotaur Fighter began the quest for the Orb.
     0 | D:1      | Reached XP level 1. HP: 19/19 MP: 0/0
   182 | D:1      | Reached XP level 2. HP: 23/27 MP: 1/1
   709 | D:1      | Found a faded altar of an unknown god.
  1398 | D:2      | Reached XP level 3. HP: 33/33 MP: 2/2
  1836 | D:2      | Found a white marble altar of Elyvilon.
  2153 | D:3      | Reached XP level 4. HP: 33/40 MP: 3/3
  2323 | D:3      | Found a sparkling altar of Nemelex Xobeh.
  2323 | D:3      | Found an opulent altar of Gozag.
  2553 | D:3      | Noticed Natasha
  2567 | D:3      | Killed Natasha
  2568 | D:3      | Reached skill level 5 in Armour
  2855 | D:3      | Noticed Natasha
  2864 | D:3      | Killed Natasha
  2865 | D:3      | Reached XP level 5. HP: 45/46 MP: 4/4
  3044 | D:4      | Found a snail-covered altar of Cheibriados.
  3177 | D:4      | Found Vamedduw's Overcharged Wands.
  3234 | D:4      | Noticed a necrophage
  3247 | D:4      | Killed a necrophage
  3248 | D:4      | Reached skill level 5 in Long Blades
  3248 | D:4      | Reached XP level 6. HP: 53/53 MP: 5/5
  3335 | D:4      | Reached skill level 1 in Dodging
  3369 | D:4      | Found a staircase to the Ecumenical Temple.
  3401 | D:4      | Found Jost's Elemental Accessories.
  3453 | Temple   | Entered the Ecumenical Temple
  3663 | Temple   | Became a worshipper of Warmaster Okawaru
  3774 | D:4      | Slain by an ogre

Illustrated notes

Levels and vault maps discovered:
D:1:      dpeg_arrival_leaves_temple_mockup, layout_basic,
          ebering_ecumenical_altar_webs, lemuel_flame_loot_1
D:2:      layout_loops_ring, basic_altar
D:3:      layout_basic, grunt_temple_overflow_opulence, grunt_ministairs_3,
          uniq_natasha
D:4:      layout_basic, kennysheep_slug_shrine, minmay_temple_entry_poolview,
          corexii_leaking_fountain, nicolae_elemental_shop, minivault_1,
          nicolae_shop_overcharged_wands
Temple:   hc_temple_tempest_star

Skill      XL: |  1  2  3  4  5  6 |
---------------+-------------------+-----
Shields        | 4 |  4.7
Fighting       | 4 |  4.5
Armour         | 4 5 |  5.6
Long Blades    | 3 4 5 |  5.3
Dodging        | 1 |  1.0
Stealth        | |  0.5

Action                   |  1- 3 |  4- 6 || total
-------------------------+-------+-------++-------
Melee: Long sword        |    84 |   127 ||   211
       Headbutt          |    16 |    22 ||    38
Armor: Scale mail        |    35 |    66 ||   101
Dodge: Dodged            |    58 |    60 ||   118
Block: Buckler           |    20 |    39 ||    59
